Map: Dreamcatcher LE

Players

DnS - Winner!

  • Race: Protoss Protoss
  • Spawn Location: 5:00

Clem

  • Race: Terran Terran
  • Spawn Location: 11:00

Event: WCS Montreal 2018

VOD

Have the link to the VOD?

Description

Time

  • Played on: Sept. 7, 2018, 4:38 p.m.
  • Length: 12:54

All games in this series

Show
View Real Time Build Order
Export as new Build Order

DnS Protoss - Winner!

Build Orders: 1 Gate Expand, Oracle Opening 

Get SALT Encoding   

  12  0:00  Probe  
  13  0:13  Probe  
  14  0:17  Pylon  
  14  0:25  Probe  
  15  0:33  Probe  
  15  0:37  Gateway  
  15  0:42  Probe  
  16  0:47  Assimilator  
  17  0:51  Probe  
  18  1:03  Probe  
  19  1:15  Probe  
  20  1:24  Cybernetics Core  
  20  1:33  Nexus  
  20  1:36  Probe  
  21  1:42  Pylon  
  21  1:48  Probe  
  21  1:51  Adept  
  22  1:54  Assimilator  
  22  2:00  Probe  
  25  2:05  Warp Gate  
  25  2:08  Stalker  
  25  2:12  Probe  
  28  2:25  Probe  
  30  2:37  Probe  
  30  2:44  Probe  
  30  2:49  Probe  
  30  2:50  Stargate  
  32  2:55  Probe  
  33  3:01  Probe  
  33  3:03  Stalker, Probe  
  36  3:11  Probe  
  37  3:13  Probe  
  37  3:15  Pylon  
  39  3:23  Probe  
  39  3:24  Oracle  
  39  3:25  Probe  
  44  3:35  Probe  
  44  3:37  Probe  
  44  3:40  Gateway  
  46  3:41  Gateway  
  46  3:43  Pylon  
  46  3:47  Probe  
  47  3:49  Probe  
  47  3:55  Oracle  
  48  3:57  Nexus  
  48  4:00  Probe  
  48  4:01  Probe  
  50  4:09  Pylon  
  53  4:12  Probe  
  53  4:13  Probe  
  53  4:15  Assimilator  
  55  4:17  Assimilator  
  55  4:34  Phoenix  
  55  4:35  Probe x2  
  59  4:42  Twilight Council  
  59  4:43  Forge  
  59  4:47  Probe  
  59  4:49  Pylon  
  59  4:50  Protoss Ground Armor Level 1  
  60  4:52  Charge  
  60  4:53  Probe  
  60  4:59  Probe  
  59  5:07  Probe  
  59  5:09  Stalker x2  
  59  5:11  Probe x2  
  59  5:13  Gateway  
  68  5:15  Gateway  
  66  5:22  Gateway  
  66  5:25  Sentry  
  66  5:26  Phoenix  
  66  5:27  Probe x3  
  73  5:35  Pylon  
  73  5:36  Sentry  
  73  5:37  Zealot  
  73  5:39  Probe x3  
  80  5:51  Phoenix, Gateway x2  
  82  5:59  Probe  
  82  6:00  Probe x2  
  82  6:02  Zealot x3  
  90  6:13  Probe, Zealot  
  90  6:14  Zealot  
  90  6:15  Pylon  
  94  6:20  Zealot  
  94  6:24  Stalker  
  98  6:26  Protoss Ground Armor Level 2, Zealot  
  98  6:30  Pylon  
  98  6:38  Zealot x3  
  103  6:41  Pylon  
  103  6:43  Stalker  
  104  6:55  Blink  
  104  6:59  Zealot x5  
  108  7:04  Phoenix  
  93  7:23  Zealot x6  
  99  7:31  Phoenix  
  99  7:33  Zealot x2  
  99  7:49  Zealot x6  
  101  7:58  Zealot x2  
  93  8:01  Phoenix  
  91  8:10  Zealot x6  
  97  8:18  Phoenix  
  91  8:21  Sentry, Zealot  
  91  8:24  Templar Archives  
  97  8:29  Probe x3  
  97  8:33  Zealot x4  
  102  8:45  Zealot x4  
  106  8:50  Phoenix  
  102  8:56  Zealot x4  
  102  8:57  Protoss Ground Weapons Level 1  
  108  9:08  High Templar x2  
  108  9:09  High Templar x2  
  116  9:11  Pylon  
  116  9:13  Archon x2  
  112  9:18  Robotics Facility  
  112  9:22  Phoenix  
  110  9:28  Zealot x2  
  110  9:29  Zealot x2  
  116  9:37  Pylon  
  112  9:44  High Templar x2, Zealot x2  
  116  9:47  Phoenix  
  116  9:48  Shield Battery  
  116  9:49  Shield Battery, Archon  
  116  9:55  Stalker x2, Zealot x2  
  126  10:06  Zealot x2  
  130  10:12  Immortal  
  114  10:19  Zealot  
  114  10:20  Zealot x5  
  112  10:31  Zealot  
  112  10:32  Zealot  
  106  10:40  Zealot x6  
  108  10:51  Immortal  
  108  10:54  Zealot x2  
  100  11:04  High Templar x2, Zealot x4  
  108  11:07  Assimilator  
  108  11:08  Archon, Assimilator  
  116  11:15  High Templar x2  
  120  11:21  Archon  
  120  11:24  Stalker x2  
  124  11:26  Stalker  
  124  11:27  Zealot  
  124  11:30  Pylon  
  128  11:37  Stalker x2  
  114  11:50  Stalker x2  
  110  11:55  Zealot x2  
  110  12:07  Warp Prism  
  110  12:08  Stalker x2  
  106  12:22  Probe x3  
  111  12:27  High Templar  
  111  12:28  High Templar  
  115  12:32  Archon  
  115  12:47  Stalker x2  
  115  12:48  Stalker x3  
Show
View Real Time Build Order
Export as new Build Order

Clem Terran 

Build Orders: Cyclone Opening, Reaper Expand, MMM Bio 

Get SALT Encoding   

  12  0:00  SCV  
  13  0:12  SCV  
  14  0:17  Supply Depot  
  14  0:25  SCV  
  15  0:38  SCV  
  15  0:40  Barracks  
  16  0:43  Refinery  
  16  0:50  SCV  
  17  1:03  SCV  
  18  1:15  SCV  
  19  1:28  Reaper, Orbital Command  
  20  1:42  Command Center  
  20  1:54  SCV  
  21  1:58  Supply Depot  
  21  2:00  Marine  
  22  2:06  Factory  
  22  2:10  SCV  
  22  2:14  Refinery  
  23  2:20  Marine  
  23  2:22  SCV  
  25  2:30  Barracks  
  25  2:34  SCV  
  26  2:38  Marine  
  27  2:46  SCV  
  28  2:58  Barracks Reactor, Factory Tech Lab  
  27  2:59  Cyclone, SCV  
  31  3:09  Orbital Command  
  31  3:11  SCV  
  32  3:23  SCV  
  33  3:30  Barracks Tech Lab  
  33  3:33  Engineering Bay, Widow Mine  
  35  3:35  SCV  
  35  3:36  SCV  
  35  3:38  Marine x2  
  39  3:43  Barracks  
  39  3:47  SCV  
  40  3:50  SCV, Supply Depot  
  40  3:54  Stimpack  
  41  3:57  Factory Tech Lab  
  41  3:58  Marine  
  41  4:00  SCV  
  43  4:04  Marine x2  
  43  4:05  SCV  
  43  4:08  Terran Infantry Weapons Level 1  
  46  4:13  SCV  
  46  4:15  Supply Depot  
  47  4:17  SCV  
  48  4:25  SCV  
  48  4:28  Marine  
  48  4:29  SCV  
  49  4:31  Factory Reactor  
  49  4:38  SCV  
  50  4:39  Starport  
  50  4:40  Missile Turret  
  50  4:41  Missile Turret, Combat Shields  
  50  4:43  Marauder  
  52  4:49  Marine  
  52  4:51  Supply Depot  
  53  4:53  SCV  
  53  4:55  Marauder  
  53  4:56  SCV  
  57  5:06  SCV, Marine x2  
  58  5:08  SCV  
  58  5:09  Supply Depot  
  60  5:15  Factory Reactor  
  60  5:17  Refinery, Marine x2  
  60  5:18  SCV  
  63  5:26  Medivac  
  65  5:29  SCV, Marine x2  
  65  5:30  SCV, Supply Depot  
  69  5:37  Barracks  
  69  5:42  Supply Depot  
  69  5:43  Barracks  
  69  5:45  Marauder x2  
  69  5:48  Medivac  
  75  5:58  SCV x2  
  75  6:00  Marine x2  
  75  6:01  Refinery  
  79  6:07  Marauder x2  
  83  6:12  Supply Depot  
  83  6:16  Widow Mine x2  
  87  6:20  Marine x2  
  89  6:28  Marauder x2, Barracks Tech Lab  
  89  6:29  Supply Depot  
  89  6:30  Barracks Reactor  
  89  6:31  SCV  
  91  6:38  SCV, Marine x2  
  94  6:42  Widow Mine x2  
  94  6:44  Medivac  
  94  6:46  Medivac  
  102  6:51  Marauder  
  103  6:54  Supply Depot  
  103  6:56  Marauder  
  103  7:00  Marauder  
  103  7:01  Marine  
  105  7:08  Marine x3  
  105  7:12  Marauder  
  105  7:18  Marauder  
  105  7:22  Widow Mine  
  99  7:24  Concussive Shells  
  99  7:26  Marauder  
  99  7:28  Medivac  
  99  7:29  Medivac, Marine x2  
  107  7:30  Marine  
  107  7:32  Marine  
  107  7:33  Marauder  
  110  7:38  Missile Turret  
  110  7:39  Widow Mine  
  110  7:40  Bunker  
  106  7:45  Widow Mine  
  106  7:51  Marine  
  101  7:52  Marine  
  101  7:58  Medivac  
  96  7:59  Medivac  
  96  8:00  Widow Mine  
  96  8:02  Marine x2  
  96  8:03  Marauder  
  99  8:10  Marine x2  
  99  8:11  Marauder, Liberator  
  101  8:13  Widow Mine  
  101  8:14  Liberator  
  101  8:18  Supply Depot  
  99  8:21  Marine  
  99  8:22  Widow Mine, Marine  
  99  8:26  Marauder  
  105  8:33  Marine x2  
  98  8:43  Marine x2  
  98  8:44  Marauder  
  98  8:45  Marauder  
  98  8:48  Widow Mine  
  98  8:50  Marauder  
  98  8:54  Widow Mine  
  95  8:57  Marine  
  95  8:59  Marine  
  92  9:05  Marauder  
  92  9:06  Marauder  
  92  9:09  Marine  
  92  9:11  Medivac, Widow Mine  
  92  9:12  Marauder  
  92  9:15  Medivac  
  92  9:16  Marine x2  
  98  9:27  Marauder, Marine  
  98  9:28  Marauder  
  102  9:33  Marauder  
  102  9:35  Marine, Supply Depot  
  105  9:42  Widow Mine  
  105  9:45  Liberator x2, Marine x2  
  108  9:48  Marauder  
  108  9:49  Marauder  
  108  9:52  Widow Mine  
  114  9:53  Marine x2  
  114  9:56  Supply Depot  
  122  10:13  Marauder  
  109  10:14  Widow Mine  
  109  10:17  Widow Mine  
  109  10:24  Marine x2  
  109  10:25  Marine  
  112  10:33  Marauder  
  110  10:36  Marauder  
  110  10:38  Marine  
  112  10:45  Medivac x2  
  112  10:48  Widow Mine  
  112  10:49  Orbital Command  
  99  10:53  Marine x2  
  99  10:56  Widow Mine  
  99  10:59  Marine x2  
  99  11:01  Marauder x3  
  105  11:10  Orbital Command  
  105  11:15  Medivac  
  105  11:17  Marine x2  
  109  11:22  Marauder  
  109  11:23  Marine  
  112  11:30  Medivac  
  113  11:45  Medivac  
  113  11:46  Marauder  
  112  11:49  Marine  
  112  11:50  Marine  
  102  11:57  Marauder  
  102  12:00  Medivac  
  98  12:02  Marine  
  98  12:03  Marauder  
  98  12:04  Widow Mine  
  90  12:15  Medivac  
  90  12:16  Marine x3  
  95  12:26  Marine  
  96  12:30  Marauder x3  
  96  12:34  Refinery x2  
Tags
 
Add a new tag
Caveats
  • Supply blocks, unpowered buildings, or Contaminate may cause inaccurate times.
  • Supply counts are checked every 10 seconds.